 Dungeon Crawl Stone Soup version 0.29.0-13-gc9e81de378 (webtiles) character file.

Game seed: 13711255128692880683

30894 sanka the Envoy of Void (level 13, -6/82 HPs)
             Began as a Gargoyle Monk on Sept 9, 2022.
             Was a High Priest of Lugonu.
             Mangled by a wolf spider simulacrum (21 damage)
             ... on level 14 of the Dungeon.
             The game lasted 00:33:04 (16987 turns).

sanka the Envoy of Void (Gargoyle Monk)            Turns: 16987, Time: 00:33:04

Health: -6/82      AC: 35    Str: 20    XL:     13   Next: 54%
Magic:  0/25       EV: 11    Int: 11    God:    Lugonu [*****.]
Gold:   814        SH:  0    Dex: 12    Spells: 12/12 levels left

rFire   . . .      SeeInvis .   t - +2 great mace
rCold   . . .      Faith    .   (shield currently unavailable)
rNeg    + + .      Spirit   +   L - +1 plate armour {rN+}
rPois   ∞          Reflect  .   B - +0 helmet
rElec   +          Harm     .   (no cloak)
rCorr   .          Rampage  .   d - +0 pair of gloves
Will    .....                   Z - +2 pair of boots {Stlth+}
Stlth   ..........              J - amulet of guardian spirit
HPRegen 0.23/turn               r - +4 ring of protection
MPRegen 0.19/turn               M - +4 ring of evasion

@: no status effects
A: sickness immunity, AC +9, negative energy resistance 1, electricity
resistance, torment resistance 1, petrification resistance
a: Renounce Religion, Depart the Abyss, Bend Space, Banish, Corrupt, Enter the
Abyss


You were on level 14 of the Dungeon.
You worshipped Lugonu.
Lugonu was extremely pleased with you.
You visited 2 branches of the dungeon, and saw 15 of its levels.
You also visited: Sewer, Ossuary and Bailey.

You collected 1325 gold pieces.
You spent 511 gold pieces at shops.


Innate Abilities, Weirdness & Mutations

You are immune to sickness and miasma.
Your stone body is resilient. (AC +9)
You are immune to poison.
You resist negative energy. (rN+)
You are resistant to electric shocks. (rElec)
You are resistant to unholy torment.
You are immune to petrification.


   Skills:
 - Level 10.0 Fighting
 - Level 12.0 Maces & Flails
 - Level 9.4 Armour
 - Level 2.4 Dodging
 - Level 2.1 Stealth
 + Level 16.7 Invocations


You had 12 spell levels left.
You didn't know any spells.
Your spell library contained the following spells:

 Spells                   Type           Power      Damage    Failure   Level
 Necrotise                Necr           0%         1d4       99%         1
 Sting                    Tmut/Pois      0%         1d3       99%         1
 Blink                    Tloc           0%         N/A       100%        2
 Poisonous Vapours        Pois/Air       0%         N/A       100%        2
 Confusing Touch          Hex            0%         N/A       100%        3
 Lesser Beckoning         Tloc           0%         N/A       100%        3
 Ozocubu's Armour         Ice            0%         N/A       100%        3
 Vampiric Draining        Necr           0%         2d6       100%        3
 Olgreb's Toxic Radiance  Pois           0%         N/A       100%        4
 Agony                    Necr           0%         N/A       100%        5
 Fireball                 Conj/Fire      0%         3d3       100%        5
 Iskenderun's Battlesphe  Conj           0%         2d6       100%        5
 Manifold Assault         Tloc           0%         N/A       100%        5
 Metabolic Englaciation   Hex/Ice        0%         N/A       100%        5
 Yara's Violent Unravell  Hex/Tmut       0%         3d3       100%        5
 Conjure Ball Lightning   Conj/Air       0%         3x3d6     100%        6
 Iron Shot                Conj/Erth      0%         9d1       100%        6
 Simulacrum               Ice/Necr       0%         N/A       100%        6
 Starburst                Conj/Fire      0%         6d3       100%        6
 Enfeeble                 Hex            0%         N/A       100%        7
 Orb of Destruction       Conj           0%         9d5       100%        7
 Spellforged Servitor     Conj/Summ      0%         N/A       100%        7
 Ignition                 Fire           0%         3d3       100%        8

Inventory:

Hand Weapons
 a - a +2 dire flail of protection
 t - a +2 great mace (weapon)
 u - a +0 morningstar
 N - a +0 broad axe
 Y - the +1 lajatang of Fate {drain, rF+ rC+ Str-4} A truly terrible weapon, it drains the life of any living foe it strikes. Str: It affects your strength (-4). rF: It protects you from fire. rC: It protects you from cold.
Missiles
 y - 4 curare-tipped darts {=f}
 E - 24 boomerangs
Armour
 d - a +0 pair of gloves (worn)
 B - a +0 helmet (worn)
 L - a +1 plate armour of positive energy (worn)
 Z - a +2 pair of boots of stealth (worn)
Jewellery
 e - an amulet of regeneration
 l - a ring of see invisible
 r - a +4 ring of protection (left hand)
 G - a ring of protection from fire
 J - an amulet of guardian spirit (around neck)
 M - a +4 ring of evasion (right hand)
Wands
 p - a wand of charming (26)
 z - a wand of flame (32)
 C - a wand of roots (23)
 S - a wand of mindburst (19)
 T - a wand of digging (6)
 W - a wand of acid (7)
Scrolls
 b - 5 scrolls of teleportation {@r4}
 k - 3 scrolls of fear
 m - 2 scrolls of butterflies
 o - 3 scrolls of blinking
 s - a scroll of torment {!r}
 v - 2 scrolls of immolation {!r}
 w - 2 scrolls of poison
 x - a scroll of enchant weapon
 D - 2 scrolls of noise {!r}
 H - 2 scrolls of enchant armour
 U - a scroll of amnesia
 X - a scroll of magic mapping
Potions
 c - a potion of ambrosia
 f - 6 potions of brilliance
 g - 4 potions of might
 h - 7 potions of curing {@q1}
 i - 3 potions of attraction {!q}
 j - 3 potions of resistance {unknown}
 n - 4 potions of invisibility
 q - 4 potions of lignification {!q}
 A - 5 potions of flight
 F - 7 potions of heal wounds {@q2}
 I - 3 potions of haste {@q3}
 K - 2 potions of mutation {unknown}
 O - a potion of magic {unknown}
 P - 3 potions of berserk rage {unknown}
 Q - a potion of cancellation {unknown}

Dungeon Overview and Level Annotations

Branches:
Dungeon (14/15)            Temple (1/1) D:7            Lair (0/5) D:9
    Orc (0/2) D:12          Sewer (visited)         Ossuary (visited)
 Bailey (visited)
 Vaults: D:13-14

Altars:
Ashenzari
Cheibriados
Dithmenos
Elyvilon
Fedhas
Gozag
Hepliaklqana
Kikubaaqudgha
Makhleb
Nemelex Xobeh
Okawaru
Qazlal
Ru
Sif Muna
Trog
Uskayaw
Vehumet
Wu Jian
Xom
Yredelemnul
Zin
The Shining One
Lugonu

Shops:
D:11 *[!=

Annotations:
D:2 1 runed translucent door, Crazy Yiuf, Terence
D:9 exclusion: downstairs
D:11 Rupert

▒▒▒▒▒▒▒▒▒▒▒▒▒▒▒▒▒▒▒▒▒▒▒
▒.....▒................
▒.....▒................
▒.....▒................
▒.....9................
▒....Z▒................
▒.....▒................
▒.....▒▒▒▒▒▒▒..........
▒..... ▒..........
▒..... ▒..........
▒..... ▒▒▒▒▒▒▒▒▒▒▒
▒.....


You could see a wolf spider simulacrum.


Message History

You now have 814 gold pieces (gained 18).
Found a scroll of teleportation.
b - 5 scrolls of teleportation {@r4} (gained 1)
You open the door.
A wolf spider simulacrum comes into view.
There is an open door here.
You sock the wolf spider simulacrum!
The wolf spider simulacrum is heavily damaged.
The wolf spider simulacrum barely misses you.
The wolf spider simulacrum bites you but does no damage.
You hit the wolf spider simulacrum.
The wolf spider simulacrum is heavily damaged.
The wolf spider simulacrum hits you! The wolf spider simulacrum freezes you!
The wolf spider simulacrum bites you.
The wolf spider simulacrum freezes you!!
You hit the wolf spider simulacrum.
The wolf spider simulacrum is heavily damaged.
The wolf spider simulacrum hits you but does no damage.
The wolf spider simulacrum bites you!
The wolf spider simulacrum freezes you!!
* * * LOW HITPOINT WARNING * * *
The wolf spider simulacrum hits you but does no damage.
The wolf spider simulacrum bites you but does no damage.
You sock the wolf spider simulacrum!
The wolf spider simulacrum is almost destroyed.
The wolf spider simulacrum hits you!
* * * LOW HITPOINT WARNING * * *
The wolf spider simulacrum freezes you!!
You die...

Action                   |  1- 3 |  4- 6 |  7- 9 | 10-12 | 13-15 || total
-------------------------+-------+-------+-------+-------+-------++-------
Melee: Mace              |   123 |   188 |    77 |       |       ||   388
       Punch             |       |     1 |     4 |     5 |       ||    10
       Spear             |       |       |   168 |       |       ||   168
       Morningstar       |       |       |   301 |   266 |       ||   567
       Unarmed           |       |       |       |     8 |       ||     8
       Dire flail        |       |       |       |   508 |   329 ||   837
       Great mace        |       |       |       |       |    12 ||    12
Throw: Dart              |       |       |       |    10 |       ||    10
Invok: Banish            |       |       |       |     4 |       ||     4
Evoke: Wand              |       |     1 |       |     6 |       ||     7
  Use: Scroll            |       |       |    11 |     7 |     2 ||    20
       Potion            |       |       |       |     1 |       ||     1
 Stab: Sleeping          |     4 |     2 |       |       |       ||     6
Armor: Robe              |    47 |    22 |       |       |       ||    69
       Ring mail         |       |    85 |    27 |       |       ||   112
       Scale mail        |       |       |    48 |       |       ||    48
       Chain mail        |       |       |   124 |       |       ||   124
       Plate armour      |       |       |   118 |   422 |   217 ||   757
       Skin              |       |       |       |     9 |       ||     9
Dodge: Dodged            |    75 |   106 |   284 |   341 |   128 ||   934

Levels and vault maps discovered:
D:1:      minmay_arrival_wavy_path, layout_basic, fountainhead
D:2:      layout_basic, ebering_ecumenical_altar_rust, serial_forest,
          infiniplex_forest_straight_5, infiniplex_forest_straight_2,
          infiniplex_forest_clump_tiny, infiniplex_forest_straight_3,
          infiniplex_forest_clump_cross, infiniplex_forest_clump_medium,
          infiniplex_forest_end_double, uniq_crazy_yiuf_cottage, uniq_terence
D:3:      layout_loops_cross, kennysheep_okawaru_gauntlet,
          mainiacjoe_overflow_alcove_2, overflow_temple_1_default, uniq_sigmund
D:4:      layout_loops_corners, vehumet_altar_wand_db, uniq_pikel, uniq_robin
D:5:      layout_layer_cave, lemuel_tele_altar, gup_sewer_entry_glass,
          uniq_ijyb, uniq_blork_the_orc, uniq_menkaure
D:6:      layout_gridville, mainiacjoe_overflow_concentric_impassable,
          kennysheep_mini, makhleb_heckhound_becter, st_stairs_8,
          feat_on_display
D:7:      layout_basic, minmay_temple_entry_gardened_gates,
          lightli_bailey_entry_fortress, nicolae_ossuary_entry_giza
D:8:      layout_basic, kennysheep_mini_moat, general_overflow_altar,
          nicolae_tso_swordbearing_angel
D:9:      layout_roguey, kiku_gazebo_pond_becter, due_lair_maze_entry_diamond,
          uniq_psyche
D:10:     kennysheep_steamy, layout_irregular_city, lemuel_round_altar
D:11:     layout_loops_ring, serial_shops, nicolae_lakefront_shop, shop,
          nicolae_shop_temple_entry_statues_fountains, shop
D:12:     layout_basic, orc_0_dummy, uniq_rupert
D:13:     layout_basic, grunt_vaults_entry_fortified,
          minmay_guarded_unrand_skullcrusher
D:14:     layout_grid_maze
Temple:   kb_corrupted_temple

Notes
Turn   | Place    | Note
-------+----------+-------------------------------------------
     0 | D:1      | sanka the Gargoyle Monk began the quest for the Orb.
     0 | D:1      | Reached XP level 1. HP: 14/14 MP: 1/1
   231 | D:1      | Reached XP level 2. HP: 19/19 MP: 2/2
   658 | D:1      | Reached skill level 4 in Maces & Flails
   736 | D:1      | Reached XP level 3. HP: 23/23 MP: 3/3
   965 | D:2      | Found a faded altar of an unknown god.
  1192 | D:2      | Found a runed translucent door.
  1193 | D:2      | Noticed Crazy Yiuf
  1195 | D:2      | Noticed Terence
  1436 | D:2      | Reached XP level 4. HP: 28/28 MP: 4/4
  1874 | D:3      | Reached skill level 5 in Maces & Flails
  1891 | D:3      | Found an iron altar of Okawaru.
  1977 | D:3      | Noticed Sigmund
  2215 | D:3      | Found a hide-covered altar of Uskayaw.
  2487 | D:3      | Reached XP level 5. HP: 32/32 MP: 5/5
  2589 | D:3      | Found a broken altar of Ashenzari.
  2698 | D:3      | Killed Sigmund
  2699 | D:3      | Reached skill level 6 in Maces & Flails
  2699 | D:3      | Reached XP level 6. HP: 37/37 MP: 6/6
  2764 | D:4      | Found a radiant altar of Vehumet.
  2802 | D:4      | Reached skill level 7 in Maces & Flails
  2887 | D:4      | Noticed Robin
  2926 | D:4      | Killed Robin
  3187 | D:4      | Reached XP level 7. HP: 38/41 MP: 7/7
  3370 | D:4      | Noticed Pikel
  3517 | D:4      | Killed Pikel
  3518 | D:4      | Reached skill level 9 in Maces & Flails
  3518 | D:4      | Reached XP level 8. HP: 23/46 MP: 8/8
  3889 | D:5      | Entered Level 5 of the Dungeon
  3912 | D:5      | Identified the +7 spear of the Lurker {drain, +Blink Str+3
                  | Stlth+}
  3950 | D:5      | Reached skill level 1 in Armour
  4006 | D:5      | Reached skill level 4 in Fighting
  4014 | D:5      | Reached skill level 2 in Armour
  4115 | D:5      | Found a glowing drain.
  4150 | Sewer    | Entered a sewer
  4391 | D:5      | Reached skill level 3 in Armour
  4415 | D:5      | Noticed Ijyb
  4426 | D:5      | Reached skill level 5 in Fighting
  4436 | D:5      | Killed Ijyb
  4559 | D:5      | Reached skill level 4 in Armour
  4825 | D:5      | Noticed Blork the orc
  4833 | D:5      | Killed Blork the orc
  4834 | D:5      | Reached skill level 6 in Fighting
  4834 | D:5      | Reached XP level 9. HP: 47/55 MP: 9/9
  4844 | D:5      | Noticed Menkaure
  4856 | D:5      | Killed Menkaure
  4857 | D:5      | Reached skill level 5 in Armour
  4862 | D:5      | Found a blossoming altar of Fedhas.
  5476 | D:6      | Reached skill level 10 in Maces & Flails
  5666 | D:6      | Found a burning altar of Makhleb.
  5686 | D:6      | Found a sparkling altar of Nemelex Xobeh.
  5860 | D:6      | Found an ornate altar of the Wu Jian Council.
  6326 | D:7      | Found a sand-covered staircase.
  6335 | Ossuary  | Entered an ossuary
  6458 | Ossuary  | Reached skill level 11 in Maces & Flails
  6597 | D:7      | Found a staircase to the Ecumenical Temple.
  6673 | D:7      | Reached skill level 12 in Maces & Flails
  6734 | D:7      | Found a flagged portal.
  6771 | Bailey   | Entered a bailey
  6798 | Bailey   | Reached XP level 10. HP: 60/61 MP: 8/10
  6878 | Bailey   | Reached skill level 7 in Fighting
  6878 | Bailey   | Reached skill level 6 in Armour
  7301 | Bailey   | Found an iron altar of Okawaru.
  7815 | Temple   | Entered the Ecumenical Temple
  7902 | Temple   | Became a worshipper of Lugonu the Unformed
  7902 | Temple   | Reached * piety under Lugonu
  7902 | Temple   | Reached ** piety under Lugonu
  8111 | D:8      | Found a glowing silver altar of Zin.
  8134 | D:8      | Found a glowing golden altar of the Shining One.
  8179 | D:8      | Found a shimmering altar of Xom.
  8608 | D:9      | Reached skill level 1 in Invocations
  8623 | D:9      | Reached skill level 7 in Armour
  8631 | D:9      | Reached *** piety under Lugonu
  8632 | D:9      | Reached skill level 2 in Invocations
  8638 | D:9      | Reached skill level 8 in Fighting
  8711 | D:9      | Found a staircase to the Lair.
  8787 | D:9      | Noticed Psyche
  8802 | D:9      | Killed Psyche
  8803 | D:9      | Reached skill level 3 in Invocations
  9114 | D:9      | Found an ancient bone altar of Kikubaaqudgha.
  9182 | D:9      | Reached skill level 8 in Armour
  9182 | D:9      | Reached skill level 4 in Invocations
  9385 | D:9      | Noticed a two-headed ogre
  9415 | D:9      | Killed a two-headed ogre
  9416 | D:9      | Reached skill level 9 in Fighting
  9416 | D:9      | Reached XP level 11. HP: 50/71 MP: 11/14
  9419 | D:9      | Reached skill level 5 in Invocations
  9871 | D:10     | Entered Level 10 of the Dungeon
 10272 | D:10     | Reached **** piety under Lugonu
 10424 | D:10     | Reached skill level 9 in Armour
 10662 | D:10     | Reached skill level 6 in Invocations
 10724 | D:10     | Found a white marble altar of Elyvilon.
 11004 | D:11     | Reached skill level 10 in Fighting
 11174 | D:11     | Noticed a manticore
 11193 | D:11     | Killed a manticore
 11194 | D:11     | Reached skill level 7 in Invocations
 11245 | D:11     | Identified the +2 chain mail of Ywiash {Str+4}
 11410 | D:11     | Found Fifishaoza's Jewellery Emporium.
 11504 | D:11     | Noticed a cyclops
 11521 | D:11     | Killed a cyclops
 11522 | D:11     | Reached skill level 8 in Invocations
 11547 | D:11     | Found Sacoeps's Assorted Antiques.
 11570 | D:11     | Identified the +1 lajatang of Fate {drain, rF+ rC+ Str-4}
 11600 | D:11     | Found Syetaec's Armour Shoppe.
 11622 | D:11     | Bought a +2 pair of boots of stealth for 236 gold pieces
 11652 | D:11     | Found Hyetoy's Distillery.
 11660 | D:11     | Bought a potion of haste for 110 gold pieces
 11660 | D:11     | Bought a potion of might for 44 gold pieces
 11660 | D:11     | Bought a potion of invisibility for 88 gold pieces
 11660 | D:11     | Bought a potion of attraction for 33 gold pieces
 11737 | D:12     | Noticed Rupert
 12038 | D:12     | Noticed a deep elf pyromancer
 12048 | D:12     | Killed a deep elf pyromancer
 12049 | D:12     | Noticed a boulder beetle
 12074 | D:12     | Killed a boulder beetle
 12075 | D:12     | Reached skill level 9 in Invocations
 12380 | D:12     | Noticed a two-headed ogre
 12387 | D:12     | Killed a two-headed ogre
 12388 | D:12     | Reached XP level 12. HP: 77/77 MP: 19/19
 12443 | D:12     | Reached skill level 10 in Invocations
 12443 | D:12     | Noticed a two-headed ogre
 12474 | D:12     | Killed a two-headed ogre
 12662 | D:12     | Reached skill level 11 in Invocations
 12677 | D:12     | Found a staircase to the Orcish Mines.
 12960 | D:12     | Paralysed by Rupert for 3 turns
 12980 | D:11     | Noticed a two-headed ogre
 12995 | D:10     | Killed a two-headed ogre
 13193 | D:12     | Noticed a boulder beetle
 13205 | D:12     | Killed a boulder beetle
 13424 | D:12     | Reached skill level 12 in Invocations
 13627 | D:13     | Noticed a boulder beetle
 14076 | D:12     | Killed a boulder beetle
 14223 | D:12     | Found a staircase to the Orcish Mines.
 14467 | D:13     | Noticed a two-headed ogre
 14484 | D:12     | Reached skill level 13 in Invocations
 14573 | D:13     | Noticed a boulder beetle
 14577 | D:13     | Noticed a two-headed ogre
 14581 | D:13     | Killed a two-headed ogre
 14595 | D:12     | Killed a two-headed ogre
 14706 | D:12     | Killed a boulder beetle
 14981 | D:13     | Reached skill level 14 in Invocations
 15299 | D:13     | Reached XP level 13. HP: 50/82 MP: 14/23
 15565 | D:13     | Reached skill level 15 in Invocations
 15797 | D:13     | Noticed a vault guard
 15797 | D:13     | Noticed a vault guard
 16101 | D:13     | Reached skill level 16 in Invocations
 16234 | D:13     | Found the +3 giant club "Skullcrusher" {speed, Str+7}
 16905 | D:14     | Reached ***** piety under Lugonu
 16987 | D:14     | Mangled by a wolf spider simulacrum

Vanquished Creatures
  4 boulder beetles (D:12)
  6 two-headed ogres
  A centaur warrior (D:13)
  2 tengu warriors
  7 skeletal warriors
  A deep elf archer (D:13)
  Pikel (D:4)
  A deep elf pyromancer (D:12)
  2 cyclopes
  2 manticores
  3 gargoyles
  Psyche (D:9)
  2 komodo dragons
  4 trolls
  A hornet (D:9)
  3 slime creatures
  20 flying skulls (D:13)
  Sigmund (D:3)
  2 wraiths
  4 shadows
  16 yaks
  A basilisk (D:13)
  8 vampire mosquitoes
  Menkaure (D:5)
  2 steam dragons (D:10)
  8 water moccasins
  2 acid dragons
  3 black bears
  An ice beast (shapeshifter) (D:13)
  6 orc warriors
  An ogre (D:5)
  3 centaurs
  2 phantoms (D:7)
  2 lemures (D:3)
  9 kobold brigands
  Blork the orc (D:5)
  3 bullfrogs
  3 scorpions
  2 gnoll sergeants (D:5)
  2 necrophages
  A water moccasin zombie (Ossuary)
  3 killer bees (D:10)
  12 howler monkeys
  5 hounds
  A jelly (D:4)
  An orc priest (D:7)
  Ijyb (D:5)
  An iguana (D:5)
  12 orc wizards
  A hell rat (Sewer)
  3 mummies
  Robin (D:4)
  9 gnolls
  15 adders
  A river rat (Sewer)
  2 shadow imps
  3 white imps
  6 adder zombies (Ossuary)
  A worm (D:4)
  2 dart slugs (D:2)
  37 orcs
  3 bats
  6 endoplasms
  4 giant cockroaches
  6 gnoll zombies (Ossuary)
  22 goblins
  12 hobgoblins
  7 jackals
  34 kobolds
  5 quokkas
  5 ball pythons
  6 frilled lizards
  A goblin zombie (D:7)
  A hobgoblin zombie (D:7)
  5 kobold zombies (Ossuary)
  8 orc zombies (Ossuary)
  5 rats
392 creatures vanquished.

Vanquished Creatures (others)
  36 fungi
  34 plants
70 creatures vanquished.

Grand Total: 462 creatures vanquished
